 Dungeon Crawl Stone Soup version 0.29-a0-319-gad05b8d819 (webtiles) character file.

Game seed: 7115659150625913075

77 EnegeticOcto the Insei (level 4, -5/39 HPs)
             Began as a Mayflytaur Warper on Apr 1, 2022.
             Slain by a gnoll
             ... wielding a +0 flail
              (6 damage)
             ... on level 4 of the Dungeon.
             The game lasted 00:02:37 (577 turns).

EnegeticOcto the Insei (Mayflytaur Warper)           Turns: 577, Time: 00:02:38

Health: -5/39      AC:  3    Str: 12    XL:     4   Next: 34%
Magic:  0/0        EV: 16    Int: 17    God:
Gold:   56         SH:  0    Dex: 18    Spells: 6/8 levels left

rFire   . . .      SeeInvis .     - Unarmed
rCold   . . .      Faith    .   (no shield)
rNeg    . . .      Spirit   .   a - +0 leather armour
rPois   .          Reflect  .   (no helmet)
rElec   .          Harm     .   (no cloak)
rCorr   .          Rampage  .   (no gloves)
Will    .....                   (no boots)
Stlth   +.........              (no amulet)
HPRegen 0.13/turn               g - ring of Kula {MP-9 EV+4 Dex+5}
MPRegen 0.07/turn               (no ring)

@: flying
A: damage resistance, big wings, sense surroundings 1, short lifespan
a: no special abilities


You were on level 4 of the Dungeon.
You visited 1 branch of the dungeon, and saw 4 of its levels.

You collected 56 gold pieces.

Inventory:

Hand Weapons
 p - a +1 falchion of venom
   (You found it on level 4 of the Dungeon)
Missiles
 c - 7 boomerangs of dispersal (quivered)
Armour
 a - a +0 leather armour (worn)
Magical Staves
 n - a staff of poison
   (You found it on level 4 of the Dungeon)
Jewellery
 g - the ring of Kula (left hand) {MP-9 EV+4 Dex+5}
   (You found it on level 2 of the Dungeon)

   [ring of evasion]

   EV:        It affects your evasion (+4).
   Dex:       It affects your dexterity (+5).
   MP:        It affects your magic capacity (-9).
Wands
 m - a wand of flame (20) {@v4}
   (You found it on level 3 of the Dungeon)
Scrolls
 b - a scroll of blinking {@r4}
 d - a scroll of teleportation {unknown}
 e - a scroll of immolation {unknown}
 j - a scroll of vulnerability {unknown}
 k - a scroll of fog {unknown}
 l - 2 scrolls of amnesia {unknown}
Potions
 f - a potion of degeneration {unknown}
 h - a potion of ambrosia {unknown}
 i - a potion of curing {unknown}
 q - a potion of heal wounds {unknown}
Miscellaneous
 o - a piece from Xom's chessboard (15/15)
   (You found it on level 4 of the Dungeon)


   Skills:
 - Level 2.1 Fighting
 - Level 1.2 Throwing
 - Level 1.1 Armour
 - Level 2.1 Dodging
 + Level 6.0 Unarmed Combat
 - Level 2.6 Spellcasting
 - Level 3.6 Translocations


You had 6 spell levels left.
You knew the following spells:

 Your Spells              Type           Power      Damage    Failure   Level
Y - Blink                 Tloc           28%        N/A       8%          2

Your spell library contained the following spells:

 Spells                   Type           Power      Damage    Failure   Level
 Gell's Gravitas          Tloc           14%        N/A       16%         3
 Lesser Beckoning         Tloc           14%        N/A       16%         3
 Teleport Other           Tloc           14%        N/A       16%         3
 Sting                    Tmut/Pois      8%         1d3       22%         1
 Poisonous Vapours        Pois/Air       4%         N/A       34%         2
 Manifold Assault         Tloc           14%        N/A       82%         5
 Olgreb's Toxic Radiance  Pois           2%         N/A       92%         4


Dungeon Overview and Level Annotations

Branches:
Dungeon (4/15)
 Temple: D:4-7

Altars:
Xom


Innate Abilities, Weirdness & Mutations

You are resistant to damage.
Your large and strong wings let you fly.
You passively map a small area around you.
You are easily found by Zot.


Message History

An adder and 2 gnolls come into view.
A gnoll is wielding a +0 whip and quivering poisoned darts.
The gnoll shouts! x2
A gnoll comes into view. It is wielding a +0 flail.
An endoplasm comes into view.
A gnoll comes into view. It is wielding a +0 flail.
You hit the adder.
The adder is moderately wounded.
The adder completely misses you.
You closely miss the adder.
The adder is moderately wounded.
The adder bites you.
You are poisoned.
The adder poisons you!
You miss the adder.
The adder is moderately wounded.
The adder barely misses you.
You miss the adder.
The adder is moderately wounded.
The adder bites you but does no damage. The adder closely misses you.
The gnoll shouts!
You hit the adder. You punch the adder.
The adder is severely wounded.
You hear a shout!
The adder closely misses you.
A kobold comes into view. It is wielding a +0 dagger.
You hit the adder but do no damage.
The adder is severely wounded.
You are no longer poisoned.
The adder barely misses you.
You hit the adder.
You kill the adder!
You closely miss the gnoll. The gnoll closely misses you.
You hit the gnoll.
The gnoll is lightly wounded.
The gnoll misses you.
You hit the gnoll.
The gnoll is moderately wounded.
The gnoll barely misses you.
You hit the gnoll.
The gnoll is heavily wounded.
The gnoll hits you with a +0 whip.
You hit the gnoll.
The gnoll is heavily wounded.
The gnoll barely misses you.
You barely miss the gnoll.
The gnoll is heavily wounded.
The gnoll barely misses you.
You hit the gnoll.
The gnoll is severely wounded.
The gnoll closely misses you.
You barely miss the gnoll.
The gnoll is severely wounded.
The gnoll closely misses you.
You hit the gnoll but do no damage.
The gnoll is severely wounded.
You hit the gnoll.
The gnoll is almost dead.
The gnoll misses you.
You hit the gnoll.
You kill the gnoll!
You have reached level 4!
You closely miss the gnoll. The gnoll hits you with a +0 club!
You hit the gnoll.
The gnoll is moderately wounded.
The gnoll closely misses you.
You barely miss the gnoll.
The gnoll is moderately wounded.
The gnoll hits you but does no damage.
You punch the gnoll!
The gnoll is severely wounded.
The gnoll misses you.
You closely miss the gnoll.
The gnoll is severely wounded.
The gnoll closely misses you.
You barely miss the gnoll.
The gnoll is severely wounded.
The gnoll closely misses you.
You hit the gnoll. You punch the gnoll.
You kill the gnoll!
You swing at nothing.
You barely miss the gnoll. The gnoll hits you with a +0 flail!
You closely miss the gnoll. You punch the gnoll.
The gnoll is lightly wounded.
The gnoll hits you with a +0 flail!
* * * LOW HITPOINT WARNING * * *
You hit the gnoll.
The gnoll is heavily wounded.
The gnoll closely misses you.
You hit the gnoll. You punch the gnoll.
You kill the gnoll!
Your Unarmed Combat skill increases to level 6!
You punch the gnoll! You punch the gnoll.
The gnoll is almost dead.
The gnoll hits you with a +0 flail!
* * * LOW HITPOINT WARNING * * *
You closely miss the gnoll.
The gnoll is severely wounded.
The gnoll hits you with a +0 flail!
You die...

≈ ≈ , , * ** ≈ * * ≈ ≈ ≈ ≈≈
#######≈ ≈ ≈ ≈ *
######.....#
..........##############J..
*
###>##.##.>....(@gJK.....g.
#.##)#############.##....
#.##.# .# , ,. * #....# .#
#.#### .# * #.# .# * #.#
.#* , #.# .# , * ,


You could see a gnoll, an endoplasm and a kobold.

Vanquished Creatures
  3 gnolls (D:4)
  3 adders
  A dart slug (D:3)
  An orc (D:3)
  2 bats
  3 endoplasms
  A giant cockroach (D:2)
  A goblin (D:1)
  A hobgoblin (D:4)
  A kobold (D:3)
  3 frilled lizards
  2 rats (D:2)
22 creatures vanquished.

Notes
Turn   | Place    | Note
-------+----------+-------------------------------------------
     0 | D:1      | EnegeticOcto the Mayflytaur Warper began the quest for the
                  | Orb.
     0 | D:1      | Reached XP level 1. HP: 19/19 MP: 5/5
    18 | D:1      | Reached skill level 3 in Unarmed Combat
    95 | D:2      | Identified the ring of Kula {MP-9 EV+4 Dex+5}
   105 | D:2      | Reached XP level 2. HP: 26/26 MP: 0/6
   202 | D:2      | Glimpsed the power of Zot.
   327 | D:2      | Learned a level 2 spell: Blink
   369 | D:3      | Reached skill level 4 in Unarmed Combat
   416 | D:3      | Reached XP level 3. HP: 23/32 MP: 0/8
   464 | D:3      | Reached skill level 5 in Unarmed Combat
   502 | D:4      | Found a shimmering altar of Xom.
   564 | D:4      | Reached XP level 4. HP: 31/39 MP: 0/9
   576 | D:4      | Reached skill level 6 in Unarmed Combat
   576 | D:4      | HP: 1/39 [gnoll/+0 flail (10)]
   577 | D:4      | Slain by a gnoll

Illustrated notes

Levels and vault maps discovered:
D:1:      enne_arrival_octagon_isle, layout_basic, roderic_roman_lattice
D:2:      layout_basic, basic_altar
D:3:      layout_basic, zin_treasury, nicolae_ecumenical_oubliette,
          dreamdust_mushroom_princess, saegor_snake_ambush
D:4:      layout_loops_ring, xom_butterflies, minmay_temple_entry_poolview,
          kennysheep_generic_room_5

Skill      XL: |  1  2  3  4 |
---------------+-------------+-----
Unarmed Combat | 3 4 5 6 |  6.0
Fighting       | |  2.1
Throwing       | |  1.2
Armour         | |  1.1
Dodging        | |  2.1
Spellcasting   | |  2.6
Translocations | |  3.6

Action                   |  1- 3 |  4- 6 || total
-------------------------+-------+-------++-------
Melee: Unarmed           |    96 |    13 ||   109
       Punch             |     3 |     4 ||     7
 Stab: Sleeping          |     2 |       ||     2
Armor: Leather armour    |    10 |     1 ||    11
Dodge: Dodged            |    62 |     5 ||    67

Table legend: (Time is in decaauts)
 A = Elapsed time spent in this place.
 B = Non-inter-level travel time spent in this place.
 C = Inter-level travel time spent in this place.
 D = Time resting spent in this place.
 E = Time spent auto-exploring this place.
 F = Levels seen in this place.
 G = Mean time per level.
                   A        B        C        D        E       F      G
               +--------+--------+--------+--------+--------+-----+--------+
         Total |    566 |    540 |     26 |      0 |      0 |   4 |  141.5 |
       Dungeon |    566 |    540 |     26 |      0 |      0 |   4 |  141.5 |
               +--------+--------+--------+--------+--------+-----+--------+

Top non-repeatable levels by time:
     D:2: 289 daAuts
     D:3: 110 daAuts
     D:4: 102 daAuts
     D:1: 64 daAuts
